[ AOE2 MATCH · #463500448 ]
Team RMCumans vs Slavs
[ REPLAY ANALYSIS · EXTRACTED FROM THE RECORDED GAME ]
Feudal
12:34
Castle
37:07
Imperial
47:32
| APM avg | 12.3 |
| APM peak | 41 |
| eAPM avg | 9.0 |
| Villagers / military | 119 / 233 |
Focus
⚔️ 17.0% · 🌾 83.0%
Steppe Lancer ×223 · Trade Cart ×29 · Militia ×5 · Scout Cavalry ×3 · Mangonel ×2
Feudal
11:09
Castle
18:04
Imperial
34:49
| APM avg | 29.0 |
| APM peak | 69 |
| eAPM avg | 19.5 |
| Villagers / military | 164 / 165 |
Focus
⚔️ 33.3% · 🌾 66.7%
Hussite Wagon ×82 · Bombard Cannon ×49 · Spearman ×26 · Trade Cart ×13 · Trebuchet (Packed) ×8
Feudal
10:51
Castle
20:48
Imperial
35:23
| APM avg | 12.6 |
| APM peak | 35 |
| eAPM avg | 11.7 |
| Villagers / military | 116 / 213 |
Focus
⚔️ 44.8% · 🌾 55.2%
Spearman ×115 · Skirmisher ×35 · Trade Cart ×21 · Boyar ×17 · Mangonel ×12 · Battering Ram ×8
Feudal
13:57
Castle
22:07
Imperial
35:23
| APM avg | 9.5 |
| APM peak | 20 |
| eAPM avg | 7.8 |
| Villagers / military | 68 / 378 |
Focus
⚔️ 40.3% · 🌾 59.7%
Janissary ×170 · Spearman ×112 · Scout Cavalry ×35 · Scorpion ×30 · Bombard Cannon ×15 · Trade Cart ×11
Feudal
17:23
Castle
29:11
Imperial
38:32
| APM avg | 14.4 |
| APM peak | 35 |
| eAPM avg | 11.0 |
| Villagers / military | 138 / 714 |
Focus
⚔️ 39.6% · 🌾 60.4%
Scout Cavalry ×407 · Janissary ×266 · Militia ×37 · Trade Cart ×9 · Spearman ×4
Feudal
10:08
Castle
20:05
Imperial
37:57
| APM avg | 19.6 |
| APM peak | 47 |
| eAPM avg | 13.4 |
| Villagers / military | 126 / 417 |
Focus
⚔️ 36.3% · 🌾 63.7%
Skirmisher ×137 · Scorpion ×117 · Spearman ×43 · War Elephant ×42 · Cavalry Archer ×35 · Trade Cart ×26
Match map
Initial resources + every placement click. Lines = walls · curves = elevation contours. ◆ gold · ⬟ stone · ● berries · ✦ relic · ◌ wall gap
Inputs per minute
— hulyayusufmehmet - - ♰ O K A N
Build order — hulyayusufmehmet
First 150 of 318 actions detected
| 0:04 | Create | Villager (Male) |
| 0:04 | Create | Villager (Male) |
| 0:04 | Create | Villager (Male) |
| 0:05 | Create | Villager (Male) |
| 0:08 | Build | House |
| 0:32 | Build | House |
| 0:35 | Build | House |
| 0:35 | Build | House |
| 1:34 | Create | Villager (Male) |
| 1:34 | Create | Villager (Male) |
| 2:26 | Create | Villager (Male) |
| 2:27 | Create | Villager (Male) |
| 2:33 | Build | Lumber Camp |
| 2:58 | Create | Villager (Male) |
| 2:58 | Create | Villager (Male) |
| 2:58 | Create | Villager (Male) |
| 3:34 | Create | Villager (Male) |
| 3:34 | Create | Villager (Male) |
| 3:54 | Create | Villager (Male) |
| 3:55 | Create | Villager (Male) |
| 3:55 | Create | Villager (Male) |
| 3:55 | Create | Villager (Male) |
| 4:20 | Create | Villager (Male) |
| 5:07 | Create | Villager (Male) |
| 5:07 | Create | Villager (Male) |
| 5:07 | Create | Villager (Male) |
| 5:53 | Create | Villager (Male) |
| 6:47 | Create | Villager (Male) |
| 6:47 | Create | Villager (Male) |
| 6:48 | Create | Villager (Male) |
| 6:48 | Create | Villager (Male) |
| 7:33 | Build | Mill |
| 7:43 | Build | Mining Camp |
| 7:53 | Create | Villager (Male) |
| 7:53 | Create | Villager (Male) |
| 8:07 | Create | Villager (Male) |
| 8:32 | Build | Mining Camp |
| 9:26 | Build | House |
| 9:27 | Build | House |
| 9:28 | Build | House |
| 9:29 | Build | House |
| 9:30 | Build | House |
| 9:31 | Build | House |
| 9:33 | Build | House |
| 9:34 | Build | House |
| 9:36 | Build | House |
| 10:24 | Research | Feudal Age |
| 12:34 | Age | Feudal Age |
| 12:35 | Research | Double-Bit Axe |
| 12:48 | Research | Wheelbarrow |
| 12:58 | Build | Town Center |
| 13:29 | Build | Farm |
| 13:31 | Research | Horse Collar |
| 13:43 | Build | Farm |
| 13:47 | Build | Farm |
| 14:03 | Build | Farm |
| 14:09 | Build | House |
| 14:10 | Build | House |
| 14:11 | Build | House |
| 14:12 | Build | House |
| 14:16 | Create | Villager (Male) |
| 14:16 | Create | Villager (Male) |
| 14:26 | Build | Farm |
| 14:31 | Build | Farm |
| 14:36 | Build | Farm |
| 14:40 | Build | Farm |
| 14:42 | Create | Villager (Male) |
| 14:54 | Build | Farm |
| 15:01 | Build | Farm |
| 15:07 | Create | Villager (Male) |
| 15:14 | Build | Farm |
| 15:39 | Build | Farm |
| 15:41 | Create | Villager (Male) |
| 16:15 | Build | Farm |
| 16:26 | Create | Villager (Male) ×5 |
| 16:32 | Create | Villager (Male) |
| 16:32 | Create | Villager (Male) |
| 16:44 | Build | Barracks |
| 16:56 | Create | Villager (Male) |
| 16:58 | Create | Villager (Male) |
| 17:11 | Build | Farm |
| 17:18 | Research | Gold Mining |
| 17:29 | Build | Farm |
| 17:40 | Create | Villager (Male) ×2 |
| 17:50 | Create | Villager (Male) |
| 18:01 | Build | Stable |
| 18:40 | Build | Farm |
| 18:42 | Create | Villager (Male) |
| 18:45 | Create | Villager (Male) |
| 18:47 | Create | Villager (Male) |
| 19:10 | Build | Market |
| 19:14 | Build | Blacksmith |
| 19:22 | Build | Farm |
| 19:27 | Create | Villager (Male) |
| 19:27 | Create | Villager (Male) |
| 19:28 | Create | Villager (Male) |
| 19:40 | Create | Scout Cavalry |
| 19:40 | Create | Scout Cavalry |
| 19:43 | Create | Militia |
| 19:44 | Create | Militia |
| 19:44 | Create | Militia |
| 20:18 | Create | Scout Cavalry |
| 20:21 | Create | Militia |
| 20:21 | Create | Militia |
| 20:40 | Build | Farm |
| 22:27 | Build | Town Center |
| 22:37 | Build | Town Center |
| 24:17 | Create | Villager (Male) ×5 |
| 24:58 | Build | Lumber Camp |
| 25:11 | Build | Lumber Camp |
| 25:19 | Build | Farm |
| 25:23 | Build | Farm |
| 25:28 | Build | Farm |
| 25:32 | Build | Farm |
| 25:37 | Build | Farm |
| 25:50 | Build | Lumber Camp |
| 25:59 | Create | Villager (Male) |
| 26:00 | Create | Villager (Male) |
| 26:00 | Create | Villager (Male) |
| 26:07 | Build | Farm |
| 26:20 | Build | Mill |
| 26:28 | Build | Farm |
| 26:34 | Build | Farm |
| 26:41 | Build | Farm |
| 26:47 | Build | Farm |
| 26:50 | Create | Villager (Male) |
| 26:50 | Create | Villager (Male) |
| 26:59 | Build | Farm |
| 27:08 | Build | Farm |
| 27:13 | Build | Farm |
| 27:19 | Build | Farm |
| 27:29 | Build | Farm |
| 27:36 | Build | Farm |
| 27:53 | Build | House |
| 27:56 | Build | House |
| 27:57 | Build | House |
| 27:58 | Build | House |
| 27:59 | Build | House |
| 28:01 | Build | House |
| 28:03 | Build | House |
| 28:20 | Create | Villager (Male) |
| 28:20 | Create | Villager (Male) |
| 28:20 | Create | Villager (Male) |
| 28:23 | Create | Villager (Male) |
| 28:23 | Create | Villager (Male) |
| 28:24 | Create | Villager (Male) |
| 28:32 | Build | Farm |
| 28:37 | Build | Farm |
| 28:42 | Build | Farm |
| 28:49 | Build | Farm |
Build order — ♰ O K A N
First 150 of 519 actions detected
| 0:03 | Build | House |
| 0:03 | Build | House |
| 0:05 | Build | House |
| 0:06 | Create | Villager (Male) |
| 0:06 | Create | Villager (Male) |
| 0:07 | Create | Villager (Male) |
| 0:07 | Create | Villager (Male) |
| 2:23 | Create | Villager (Male) |
| 2:23 | Create | Villager (Male) |
| 3:05 | Create | Villager (Male) |
| 3:06 | Create | Villager (Male) |
| 3:06 | Create | Villager (Male) |
| 4:03 | Create | Villager (Male) |
| 4:03 | Create | Villager (Male) |
| 4:09 | Create | Villager (Male) |
| 4:50 | Build | Lumber Camp |
| 5:13 | Create | Villager (Male) |
| 5:13 | Create | Villager (Male) |
| 5:19 | Create | Villager (Male) |
| 5:47 | Build | Mill |
| 6:29 | Create | Villager (Male) |
| 6:29 | Create | Villager (Male) |
| 6:30 | Create | Villager (Male) |
| 6:30 | Create | Villager (Male) |
| 6:30 | Create | Villager (Male) |
| 6:37 | Create | Villager (Male) |
| 6:47 | Build | House |
| 6:51 | Build | House |
| 8:20 | Create | Villager (Male) |
| 8:52 | Research | Feudal Age |
| 9:09 | Build | Mining Camp |
| 10:45 | Build | Farm |
| 10:45 | Build | Farm |
| 10:46 | Build | Farm |
| 11:09 | Age | Feudal Age |
| 11:12 | Research | Double-Bit Axe |
| 11:38 | Create | Villager (Male) |
| 11:38 | Create | Villager (Male) |
| 11:39 | Create | Villager (Male) |
| 11:59 | Build | Mining Camp |
| 13:19 | Create | Villager (Male) |
| 13:31 | Build | Market |
| 13:45 | Build | Blacksmith |
| 14:03 | Build | House |
| 14:46 | Create | Villager (Male) |
| 15:04 | Build | Farm |
| 15:05 | Build | Farm |
| 15:24 | Research | Castle Age |
| 16:37 | Build | Farm |
| 16:40 | Research | Horse Collar |
| 16:44 | Create | Trade Cart |
| 16:59 | Research | Wheelbarrow |
| 17:31 | Research | Loom |
| 17:44 | Build | Farm |
| 18:04 | Age | Castle Age |
| 18:32 | Build | University |
| 18:34 | Create | Villager (Male) |
| 18:35 | Create | Villager (Male) |
| 18:38 | Research | Wheelbarrow |
| 18:46 | Research | Bow Saw |
| 19:10 | Build | Castle |
| 21:14 | Research | Murder Holes |
| 21:39 | Create | Villager (Male) |
| 21:39 | Create | Villager (Male) |
| 21:42 | Create | Villager (Male) |
| 21:44 | Build | Farm |
| 21:44 | Build | Farm |
| 21:45 | Build | Farm |
| 21:45 | Build | Farm |
| 21:45 | Build | Farm |
| 21:50 | Create | Villager (Male) |
| 21:50 | Create | Villager (Male) |
| 21:54 | Research | Heavy Plow |
| 22:40 | Create | Hussite Wagon |
| 22:40 | Create | Hussite Wagon |
| 22:41 | Create | Hussite Wagon |
| 22:41 | Create | Hussite Wagon |
| 23:37 | Build | Mining Camp |
| 24:11 | Create | Hussite Wagon |
| 24:11 | Create | Hussite Wagon |
| 25:33 | Create | Villager (Male) |
| 25:34 | Create | Villager (Male) |
| 25:44 | Build | Lumber Camp |
| 25:50 | Create | Villager (Male) |
| 26:00 | Build | Town Center |
| 26:58 | Create | Villager (Male) |
| 26:58 | Create | Villager (Male) |
| 26:59 | Create | Villager (Male) |
| 27:00 | Create | Villager (Male) |
| 27:00 | Create | Villager (Male) |
| 27:02 | Create | Villager (Male) |
| 27:04 | Create | Villager (Male) |
| 27:04 | Create | Villager (Male) |
| 27:07 | Create | Villager (Male) |
| 27:24 | Research | Fletching |
| 27:24 | Research | Padded Archer Armor |
| 27:28 | Create | Trade Cart |
| 28:24 | Build | Farm |
| 28:25 | Build | Farm |
| 28:25 | Build | Farm |
| 28:28 | Create | Villager (Male) |
| 28:28 | Create | Villager (Male) |
| 28:29 | Create | Villager (Male) |
| 29:05 | Build | Castle |
| 29:33 | Create | Villager (Male) |
| 30:07 | Build | Farm |
| 30:08 | Build | Farm |
| 30:08 | Build | Farm |
| 30:15 | Create | Villager (Male) |
| 30:15 | Create | Villager (Male) |
| 30:16 | Create | Villager (Male) |
| 30:17 | Create | Villager (Male) |
| 30:17 | Create | Villager (Male) |
| 30:24 | Create | Villager (Male) |
| 30:28 | Create | Hussite Wagon |
| 30:28 | Create | Hussite Wagon |
| 30:28 | Create | Hussite Wagon |
| 30:29 | Create | Hussite Wagon |
| 30:30 | Create | Hussite Wagon |
| 31:24 | Build | Farm |
| 31:39 | Research | Imperial Age |
| 31:53 | Research | Treadmill Crane |
| 31:58 | Create | Villager (Male) |
| 31:59 | Create | Villager (Male) |
| 32:08 | Research | Bodkin Arrow |
| 32:15 | Create | Villager (Male) |
| 32:15 | Create | Villager (Male) |
| 32:32 | Build | Town Center |
| 33:28 | Build | House |
| 33:28 | Build | House |
| 33:30 | Build | House |
| 33:30 | Build | House |
| 33:31 | Build | House |
| 33:31 | Build | House |
| 33:32 | Build | House |
| 33:33 | Build | House |
| 33:40 | Research | Ballistics |
| 33:45 | Create | Villager (Male) |
| 33:45 | Create | Villager (Male) |
| 33:52 | Create | Villager (Male) |
| 33:53 | Create | Villager (Male) |
| 33:53 | Create | Villager (Male) |
| 33:53 | Create | Villager (Male) |
| 33:56 | Research | Leather Archer Armor |
| 34:07 | Build | Farm |
| 34:08 | Build | Farm |
| 34:08 | Build | Farm |
| 34:08 | Build | Farm |
| 34:09 | Build | Farm |
| 34:12 | Build | Farm |
Build order — Gluyk
First 150 of 565 actions detected
| 0:06 | Create | Villager (Male) |
| 0:07 | Research | Loom |
| 0:07 | Create | Villager (Male) |
| 0:08 | Create | Villager (Male) |
| 0:08 | Create | Villager (Male) |
| 0:08 | Create | Villager (Male) |
| 0:21 | Build | House |
| 0:49 | Build | House |
| 1:00 | Build | House |
| 1:06 | Build | House |
| 2:01 | Create | Villager (Male) |
| 2:26 | Build | Mill |
| 2:50 | Create | Villager (Male) |
| 2:51 | Create | Villager (Male) |
| 3:20 | Create | Villager (Male) |
| 3:59 | Create | Villager (Male) |
| 4:00 | Create | Villager (Male) |
| 4:32 | Create | Villager (Male) |
| 4:33 | Create | Villager (Male) |
| 4:54 | Create | Villager (Male) |
| 5:10 | Create | Villager (Male) |
| 6:27 | Create | Villager (Male) |
| 6:28 | Create | Villager (Male) |
| 6:28 | Create | Villager (Male) |
| 7:36 | Create | Villager (Male) |
| 8:01 | Build | Lumber Camp |
| 8:16 | Create | Villager (Male) |
| 8:41 | Research | Feudal Age |
| 9:01 | Build | Mill |
| 9:27 | Build | House |
| 9:50 | Build | House |
| 10:51 | Age | Feudal Age |
| 10:54 | Research | Wheelbarrow |
| 10:59 | Research | Horse Collar |
| 11:04 | Research | Double-Bit Axe |
| 11:13 | Build | House |
| 11:19 | Build | House |
| 11:25 | Build | House |
| 11:36 | Research | Town Watch |
| 11:38 | Create | Villager (Male) |
| 11:48 | Build | Farm |
| 12:25 | Build | Market |
| 12:43 | Create | Villager (Male) |
| 12:44 | Create | Villager (Male) |
| 13:00 | Build | Blacksmith |
| 13:12 | Build | Farm |
| 13:35 | Build | Farm |
| 13:41 | Build | Farm |
| 13:50 | Build | Farm |
| 14:02 | Build | Farm |
| 14:13 | Build | Barracks |
| 14:47 | Build | Farm |
| 14:57 | Build | Farm |
| 15:09 | Build | Farm |
| 15:16 | Create | Villager (Male) |
| 15:16 | Create | Villager (Male) |
| 15:17 | Create | Villager (Male) |
| 15:17 | Create | Villager (Male) |
| 15:32 | Create | Spearman |
| 15:32 | Create | Spearman |
| 15:33 | Create | Spearman |
| 15:33 | Create | Spearman |
| 15:44 | Build | Mining Camp |
| 16:04 | Build | Farm |
| 16:59 | Create | Villager (Male) |
| 16:59 | Create | Villager (Male) |
| 17:40 | Build | Farm |
| 18:08 | Research | Castle Age |
| 18:25 | Build | Mining Camp |
| 18:37 | Build | Mining Camp |
| 18:55 | Research | Stone Mining |
| 18:57 | Research | Gold Mining |
| 19:04 | Create | Spearman |
| 19:05 | Create | Spearman |
| 19:05 | Create | Spearman |
| 19:05 | Create | Spearman |
| 20:48 | Age | Castle Age |
| 20:53 | Research | Hand Cart |
| 20:56 | Research | Heavy Plow |
| 21:12 | Research | Bow Saw |
| 21:23 | Build | Town Center |
| 21:28 | Create | Villager (Male) |
| 21:29 | Create | Villager (Male) |
| 21:58 | Research | Forging |
| 22:57 | Build | Castle |
| 23:02 | Create | Villager (Male) |
| 23:03 | Create | Villager (Male) |
| 23:03 | Create | Villager (Male) |
| 23:12 | Create | Villager (Male) |
| 23:12 | Create | Villager (Male) |
| 23:12 | Create | Villager (Male) |
| 23:12 | Create | Villager (Male) |
| 23:13 | Create | Villager (Male) |
| 23:13 | Create | Villager (Male) |
| 23:25 | Build | Town Center |
| 23:36 | Build | Farm |
| 23:49 | Research | Gold Shaft Mining |
| 23:58 | Build | Farm |
| 24:10 | Create | Villager (Male) |
| 24:56 | Build | Farm |
| 25:11 | Create | Villager (Male) |
| 25:11 | Create | Villager (Male) |
| 25:12 | Create | Villager (Male) |
| 25:12 | Create | Villager (Male) |
| 25:12 | Create | Villager (Male) |
| 25:13 | Create | Villager (Male) |
| 25:13 | Create | Villager (Male) |
| 25:13 | Create | Villager (Male) |
| 25:23 | Create | Villager (Male) |
| 25:24 | Create | Villager (Male) |
| 25:24 | Create | Villager (Male) |
| 25:25 | Create | Villager (Male) |
| 25:44 | Build | Mining Camp |
| 25:47 | Research | Squires |
| 26:29 | Create | Villager (Male) |
| 26:30 | Create | Villager (Male) |
| 26:30 | Create | Villager (Male) |
| 26:30 | Create | Villager (Male) |
| 26:30 | Create | Villager (Male) |
| 26:31 | Create | Villager (Male) |
| 26:44 | Build | Farm |
| 26:48 | Build | Farm |
| 26:55 | Build | Farm |
| 26:59 | Build | Farm |
| 27:04 | Build | Farm |
| 27:10 | Build | Farm |
| 27:22 | Research | Tech 455 |
| 27:32 | Build | Farm |
| 27:41 | Build | University |
| 27:48 | Research | Town Patrol |
| 28:03 | Create | Villager (Male) |
| 28:04 | Create | Villager (Male) |
| 28:04 | Create | Villager (Male) |
| 28:04 | Create | Villager (Male) |
| 28:04 | Create | Villager (Male) |
| 28:05 | Create | Villager (Male) |
| 28:05 | Create | Villager (Male) |
| 28:12 | Build | Farm |
| 28:17 | Build | Farm |
| 28:24 | Build | Farm |
| 28:28 | Build | Farm |
| 28:46 | Create | Villager (Male) |
| 28:47 | Create | Villager (Male) |
| 28:47 | Create | Villager (Male) |
| 28:47 | Create | Villager (Male) |
| 28:55 | Research | Fortified Wall (upgrade) |
| 29:06 | Build | Siege Workshop |
| 29:11 | Research | Pikeman (upgrade) |
| 29:17 | Create | Boyar |
| 29:17 | Create | Boyar |
Build order — eazy-e
First 150 of 310 actions detected
| 0:21 | Create | Villager (Male) |
| 0:21 | Create | Villager (Male) |
| 0:22 | Create | Villager (Male) |
| 0:22 | Create | Villager (Male) |
| 0:22 | Create | Villager (Male) |
| 0:28 | Build | House |
| 0:29 | Build | House |
| 2:16 | Create | Villager (Male) |
| 2:16 | Create | Villager (Male) |
| 2:29 | Create | Villager (Male) |
| 4:52 | Create | Villager (Male) |
| 4:52 | Create | Villager (Male) |
| 4:52 | Create | Villager (Male) |
| 4:53 | Create | Villager (Male) |
| 4:53 | Create | Villager (Male) |
| 4:53 | Create | Villager (Male) |
| 4:53 | Create | Villager (Male) |
| 4:53 | Create | Villager (Male) |
| 5:42 | Build | Mill |
| 6:22 | Create | Villager (Male) |
| 6:22 | Create | Villager (Male) |
| 6:22 | Create | Villager (Male) |
| 7:07 | Build | House |
| 7:08 | Build | House |
| 7:09 | Build | House |
| 7:12 | Create | Villager (Male) |
| 7:13 | Create | Villager (Male) |
| 8:29 | Create | Villager (Male) |
| 8:29 | Create | Villager (Male) |
| 8:29 | Create | Villager (Male) |
| 8:29 | Create | Villager (Male) |
| 8:30 | Create | Villager (Male) |
| 8:30 | Create | Villager (Male) |
| 9:59 | Build | Lumber Camp |
| 10:28 | Research | Feudal Age |
| 11:06 | Build | Mining Camp |
| 13:57 | Age | Feudal Age |
| 14:08 | Build | House |
| 14:09 | Build | House |
| 14:10 | Build | House |
| 14:18 | Build | Mill |
| 14:24 | Create | Villager (Male) |
| 14:24 | Create | Villager (Male) |
| 14:42 | Build | Mining Camp |
| 15:13 | Build | Farm |
| 15:29 | Research | Horse Collar |
| 15:42 | Build | Market |
| 15:48 | Create | Villager (Male) |
| 15:48 | Create | Villager (Male) |
| 16:10 | Build | Farm |
| 16:23 | Build | Farm |
| 16:26 | Create | Villager (Male) |
| 17:17 | Build | Farm |
| 17:23 | Build | Farm |
| 17:30 | Build | Blacksmith |
| 17:42 | Build | Barracks |
| 17:52 | Create | Villager (Male) |
| 17:52 | Create | Villager (Male) |
| 17:55 | Create | Trade Cart |
| 18:23 | Build | Farm |
| 18:27 | Build | Farm |
| 18:54 | Build | Farm |
| 19:27 | Research | Castle Age |
| 19:44 | Build | Archery Range |
| 19:55 | Create | Spearman |
| 19:56 | Create | Spearman |
| 19:57 | Create | Spearman |
| 19:57 | Create | Spearman |
| 20:56 | Research | Stone Mining |
| 21:17 | Build | House |
| 21:18 | Build | House |
| 21:19 | Build | House |
| 21:20 | Build | House |
| 21:28 | Research | Double-Bit Axe |
| 21:31 | Create | Villager (Male) |
| 21:31 | Create | Villager (Male) |
| 21:37 | Create | Archer |
| 21:37 | Create | Skirmisher |
| 21:38 | Create | Archer |
| 21:38 | Create | Skirmisher |
| 21:38 | Create | Archer |
| 21:39 | Create | Skirmisher |
| 21:42 | Create | Spearman |
| 22:07 | Age | Castle Age |
| 22:45 | Build | Castle |
| 23:03 | Build | Farm |
| 23:07 | Build | Farm |
| 23:09 | Create | Villager (Male) |
| 23:09 | Create | Villager (Male) |
| 23:10 | Create | Villager (Male) |
| 23:14 | Research | Gold Mining |
| 23:33 | Research | Heavy Plow |
| 23:45 | Build | University |
| 23:49 | Create | Villager (Male) |
| 24:08 | Build | Lumber Camp |
| 24:14 | Create | Janissary |
| 24:15 | Create | Janissary |
| 24:23 | Build | Farm |
| 24:25 | Create | Villager (Male) |
| 24:32 | Build | Farm |
| 25:13 | Build | Siege Workshop |
| 25:18 | Create | Janissary |
| 25:19 | Create | Janissary |
| 25:40 | Research | Gold Shaft Mining |
| 26:27 | Build | Watch Tower |
| 26:31 | Create | Battering Ram |
| 26:34 | Create | Scorpion |
| 26:35 | Create | Scorpion |
| 26:45 | Research | Bow Saw |
| 26:47 | Create | Janissary |
| 26:47 | Create | Janissary |
| 26:52 | Create | Villager (Male) |
| 27:10 | Create | Janissary |
| 27:14 | Create | Battering Ram |
| 27:18 | Create | Scorpion |
| 27:19 | Create | Scorpion |
| 27:19 | Create | Scorpion |
| 27:37 | Build | Watch Tower |
| 27:46 | Create | Cavalry Archer |
| 27:46 | Create | Cavalry Archer |
| 27:47 | Create | Skirmisher |
| 28:26 | Build | Farm |
| 28:29 | Create | Trade Cart |
| 28:29 | Create | Trade Cart |
| 28:52 | Create | Villager (Male) |
| 28:52 | Create | Villager (Male) |
| 29:11 | Build | Town Center |
| 29:34 | Create | Villager (Male) |
| 30:18 | Build | Farm |
| 30:23 | Build | Farm |
| 30:39 | Research | Wheelbarrow |
| 32:13 | Research | Imperial Age |
| 32:17 | Create | Villager (Male) |
| 32:24 | Create | Skirmisher |
| 32:24 | Create | Skirmisher |
| 32:25 | Create | Archer |
| 32:25 | Create | Cavalry Archer |
| 32:40 | Create | Villager (Male) |
| 32:40 | Create | Villager (Male) |
| 32:48 | Build | Farm |
| 32:56 | Create | Villager (Male) |
| 32:59 | Create | Trade Cart |
| 32:59 | Create | Trade Cart |
| 33:11 | Build | Farm |
| 33:17 | Create | Janissary |
| 33:17 | Create | Janissary |
| 33:17 | Create | Janissary |
| 33:25 | Research | Town Watch |
| 33:38 | Build | Farm |
| 33:44 | Create | Villager (Male) |
Build order — BuffelBurak
First 150 of 552 actions detected
| 0:03 | Create | Villager (Male) |
| 0:03 | Create | Villager (Male) |
| 0:03 | Create | Villager (Male) |
| 0:04 | Create | Villager (Male) |
| 0:12 | Build | House |
| 0:20 | Build | House |
| 1:44 | Create | Villager (Male) |
| 2:24 | Create | Villager (Male) |
| 2:46 | Create | Villager (Male) |
| 2:47 | Create | Villager (Male) |
| 2:47 | Create | Villager (Male) |
| 3:24 | Create | Villager (Male) |
| 3:46 | Create | Villager (Male) |
| 4:17 | Create | Villager (Male) |
| 4:18 | Create | Villager (Male) |
| 5:03 | Research | Loom |
| 5:04 | Create | Villager (Male) |
| 5:04 | Create | Villager (Male) |
| 5:10 | Build | House |
| 5:16 | Create | Villager (Male) |
| 5:16 | Create | Villager (Male) |
| 5:42 | Build | Mill |
| 6:06 | Create | Villager (Male) |
| 6:19 | Build | House |
| 6:41 | Create | Villager (Male) |
| 6:54 | Build | House |
| 6:55 | Build | House |
| 6:56 | Build | House |
| 6:57 | Build | House |
| 7:06 | Create | Villager (Male) |
| 7:31 | Create | Villager (Male) |
| 7:53 | Create | Villager (Male) |
| 7:53 | Create | Villager (Male) |
| 8:04 | Build | Lumber Camp |
| 8:25 | Create | Villager (Male) |
| 8:26 | Create | Villager (Male) |
| 8:26 | Create | Villager (Male) |
| 8:37 | Build | Farm |
| 9:02 | Build | Farm |
| 9:15 | Build | House |
| 9:28 | Build | Farm |
| 9:41 | Create | Villager (Male) |
| 9:42 | Create | Villager (Male) |
| 9:42 | Create | Villager (Male) |
| 9:42 | Create | Villager (Male) |
| 10:50 | Build | Farm |
| 10:51 | Build | Farm |
| 11:03 | Build | House |
| 11:04 | Build | House |
| 11:05 | Build | House |
| 11:06 | Build | House |
| 11:15 | Build | Farm |
| 11:23 | Create | Villager (Male) |
| 11:23 | Create | Villager (Male) |
| 11:24 | Create | Villager (Male) |
| 11:24 | Create | Villager (Male) |
| 11:24 | Create | Villager (Male) |
| 11:36 | Build | Farm |
| 11:51 | Build | Lumber Camp |
| 12:00 | Build | Farm |
| 12:43 | Build | Farm |
| 12:48 | Build | Farm |
| 13:52 | Create | Villager (Male) |
| 13:52 | Create | Villager (Male) |
| 13:52 | Create | Villager (Male) |
| 13:59 | Build | Farm |
| 14:00 | Build | Farm |
| 14:07 | Build | Farm |
| 14:32 | Build | Barracks |
| 14:34 | Build | Barracks |
| 14:53 | Research | Feudal Age |
| 15:05 | Create | Villager (Male) |
| 15:21 | Build | Mining Camp |
| 15:32 | Build | House |
| 15:33 | Build | House |
| 15:34 | Build | House |
| 15:42 | Create | Villager (Male) |
| 15:42 | Create | Villager (Male) |
| 15:42 | Create | Villager (Male) |
| 16:11 | Build | Mining Camp |
| 16:27 | Create | Villager (Male) |
| 16:28 | Create | Villager (Male) |
| 17:21 | Build | House |
| 17:22 | Build | House |
| 17:23 | Age | Feudal Age |
| 17:25 | Build | House |
| 17:26 | Build | House |
| 17:41 | Build | Barracks |
| 17:42 | Build | Barracks |
| 17:45 | Research | Man-at-Arms (upgrade) |
| 17:46 | Research | Arson |
| 17:55 | Research | Horse Collar |
| 18:01 | Research | Double-Bit Axe |
| 18:20 | Build | Market |
| 18:43 | Build | Blacksmith |
| 18:59 | Build | Farm |
| 19:04 | Create | Villager (Male) |
| 19:04 | Create | Villager (Male) |
| 19:05 | Create | Villager (Male) |
| 19:05 | Create | Villager (Male) |
| 19:05 | Create | Villager (Male) |
| 19:05 | Create | Villager (Male) |
| 19:06 | Create | Villager (Male) |
| 19:06 | Create | Villager (Male) |
| 19:12 | Build | Farm |
| 19:39 | Create | Militia ×2 |
| 19:39 | Create | Militia ×2 |
| 19:41 | Create | Spearman |
| 19:41 | Create | Spearman |
| 20:04 | Build | Watch Tower |
| 20:06 | Build | Watch Tower |
| 20:25 | Create | Militia ×4 |
| 20:37 | Build | Farm |
| 20:38 | Build | Farm |
| 20:40 | Build | Farm |
| 20:50 | Build | Farm |
| 21:19 | Create | Militia ×4 |
| 21:21 | Create | Spearman ×2 |
| 21:39 | Build | Farm |
| 21:43 | Build | Farm |
| 21:54 | Research | Gold Mining |
| 22:02 | Research | Stone Mining |
| 22:09 | Build | Farm |
| 22:59 | Build | Stable |
| 23:01 | Build | Stable |
| 23:02 | Build | Stable |
| 23:03 | Build | Stable |
| 23:04 | Build | Stable |
| 23:06 | Build | Stable |
| 23:35 | Build | House |
| 23:37 | Build | House |
| 23:38 | Build | House |
| 23:46 | Create | Villager (Male) |
| 23:47 | Create | Villager (Male) |
| 23:47 | Create | Villager (Male) |
| 23:49 | Create | Villager (Male) |
| 23:57 | Build | Farm |
| 23:58 | Build | Farm |
| 24:11 | Build | Farm |
| 24:27 | Build | Stable |
| 24:29 | Build | Stable |
| 24:32 | Research | Bloodlines |
| 24:43 | Build | Farm |
| 24:51 | Build | Farm |
| 25:26 | Create | Villager (Male) |
| 25:39 | Build | Mining Camp |
| 26:03 | Build | Stone Wall |
| 26:23 | Build | Stone Wall |
| 26:31 | Research | Castle Age |
| 26:33 | Create | Villager (Male) |
Build order — MaydanozBey
First 150 of 522 actions detected
| 0:08 | Build | House |
| 0:12 | Build | House |
| 0:15 | Create | Villager (Male) ×5 |
| 0:15 | Create | Villager (Male) ×5 |
| 1:47 | Create | Villager (Male) |
| 1:48 | Create | Villager (Male) |
| 2:52 | Create | Villager (Male) |
| 2:52 | Create | Villager (Male) |
| 2:59 | Build | Lumber Camp |
| 3:16 | Create | Villager (Male) |
| 4:02 | Create | Villager (Male) |
| 4:25 | Create | Villager (Male) |
| 4:25 | Create | Villager (Male) |
| 5:01 | Build | House |
| 5:03 | Build | House |
| 5:30 | Create | Villager (Male) |
| 6:53 | Create | Villager (Male) |
| 6:54 | Create | Villager (Male) |
| 7:01 | Build | Mill |
| 7:26 | Create | Villager (Male) |
| 7:57 | Research | Feudal Age |
| 8:51 | Create | Villager (Male) |
| 9:32 | Create | Villager (Male) |
| 9:32 | Create | Villager (Male) |
| 10:08 | Age | Feudal Age |
| 10:28 | Research | Loom |
| 10:34 | Research | Double-Bit Axe |
| 10:50 | Build | House |
| 10:51 | Build | House |
| 10:52 | Build | House |
| 10:53 | Build | House |
| 11:11 | Create | Villager (Male) |
| 11:12 | Create | Villager (Male) |
| 11:22 | Research | Horse Collar |
| 12:06 | Create | Villager (Male) |
| 12:41 | Create | Villager (Male) |
| 12:59 | Build | Farm |
| 12:59 | Build | Farm |
| 13:00 | Build | Farm |
| 13:01 | Build | Farm |
| 13:03 | Build | Farm |
| 13:04 | Build | Farm |
| 13:05 | Build | Farm |
| 13:07 | Build | Farm |
| 13:07 | Build | Farm |
| 13:08 | Build | Farm |
| 13:10 | Build | Farm |
| 13:11 | Build | Farm |
| 13:17 | Create | Villager (Male) |
| 13:17 | Create | Villager (Male) |
| 13:26 | Build | Mining Camp |
| 13:34 | Create | Villager (Male) |
| 14:44 | Build | Barracks |
| 14:49 | Create | Villager (Male) |
| 14:49 | Create | Villager (Male) |
| 14:49 | Create | Villager (Male) |
| 15:56 | Create | Villager (Male) |
| 16:14 | Build | Market |
| 16:20 | Build | Blacksmith |
| 16:26 | Create | Villager (Male) |
| 16:26 | Create | Villager (Male) |
| 16:56 | Create | Spearman |
| 16:56 | Create | Spearman |
| 17:17 | Create | Villager (Male) |
| 17:29 | Build | Farm |
| 17:31 | Research | Castle Age |
| 17:41 | Build | Mining Camp |
| 17:55 | Build | Outpost |
| 17:58 | Build | Outpost |
| 17:59 | Build | Outpost |
| 19:15 | Build | Archery Range |
| 19:19 | Build | Stable |
| 20:05 | Age | Castle Age |
| 20:19 | Build | Town Center |
| 20:29 | Create | Villager (Male) |
| 20:29 | Create | Villager (Male) |
| 20:29 | Create | Villager (Male) |
| 20:30 | Create | Villager (Male) |
| 20:46 | Build | Town Center |
| 20:55 | Research | Forging |
| 20:58 | Create | Skirmisher |
| 21:02 | Create | Cavalry Archer |
| 21:02 | Create | Cavalry Archer |
| 21:04 | Create | Archer |
| 21:04 | Create | Archer |
| 21:09 | Create | Skirmisher |
| 21:09 | Create | Skirmisher |
| 21:13 | Research | Pikeman (upgrade) |
| 21:16 | Research | Squires |
| 21:27 | Create | Villager (Male) |
| 21:43 | Build | Mining Camp |
| 21:47 | Create | Knight |
| 21:47 | Create | Knight |
| 22:21 | Create | Villager (Male) |
| 22:21 | Create | Villager (Male) |
| 22:26 | Research | Bow Saw |
| 22:39 | Create | Villager (Male) |
| 22:39 | Create | Villager (Male) |
| 22:39 | Create | Villager (Male) |
| 22:40 | Create | Villager (Male) |
| 22:45 | Research | Wheelbarrow |
| 23:04 | Create | Spearman |
| 23:04 | Create | Spearman |
| 23:11 | Build | House |
| 23:13 | Build | House |
| 23:13 | Build | House |
| 23:14 | Build | House |
| 23:14 | Build | House |
| 23:14 | Build | House |
| 23:14 | Build | House |
| 23:15 | Build | House |
| 23:15 | Build | House |
| 23:15 | Build | House |
| 23:16 | Build | House |
| 23:30 | Create | Villager (Male) |
| 23:30 | Create | Villager (Male) |
| 23:31 | Create | Villager (Male) |
| 24:13 | Build | House |
| 24:13 | Build | House |
| 24:13 | Build | House |
| 24:14 | Build | House |
| 24:20 | Build | Farm |
| 24:22 | Build | Farm |
| 24:22 | Build | Farm |
| 24:25 | Build | Farm |
| 24:26 | Build | Farm |
| 24:27 | Build | Farm |
| 24:28 | Build | Farm |
| 24:29 | Build | Farm |
| 24:30 | Build | Farm |
| 24:35 | Create | Villager (Male) |
| 24:35 | Create | Villager (Male) |
| 24:36 | Create | Villager (Male) |
| 24:36 | Create | Villager (Male) |
| 24:36 | Create | Villager (Male) |
| 24:57 | Create | Spearman |
| 24:58 | Create | Spearman |
| 25:00 | Create | Skirmisher |
| 25:01 | Create | Skirmisher |
| 25:16 | Create | Villager (Male) |
| 25:34 | Create | Villager (Male) |
| 25:34 | Create | Villager (Male) |
| 25:38 | Create | Trade Cart |
| 25:39 | Create | Trade Cart |
| 26:12 | Build | Stone Wall |
| 26:15 | Build | Stone Wall |
| 26:20 | Build | Building 487 |
| 26:22 | Build | Building 673 |
| 26:25 | Build | Building 490 |
| 26:36 | Build | House |
Match timeline
| 10:08 | MaydanozBey · age_up feudal |
| 10:51 | Gluyk · age_up feudal |
| 11:09 | ♰ O K A N · age_up feudal |
| 12:34 | hulyayusufmehmet · age_up feudal |
| 13:57 | eazy-e · age_up feudal |
| 14:13 | Gluyk · first_building Barracks |
| 14:32 | BuffelBurak · first_building Barracks |
| 14:44 | MaydanozBey · first_building Barracks |
| 16:44 | hulyayusufmehmet · first_building Barracks |
| 17:17 | Gluyk · first_market_sell 100 wood |
| 17:23 | BuffelBurak · age_up feudal |
| 17:42 | eazy-e · first_building Barracks |
| 18:01 | hulyayusufmehmet · first_building Stable |
| 18:04 | ♰ O K A N · age_up castle |
| 19:10 | ♰ O K A N · first_building Castle |
| 19:15 | MaydanozBey · first_building Archery Range |
| 19:19 | MaydanozBey · first_building Stable |
| 19:44 | eazy-e · first_building Archery Range |
| 20:05 | MaydanozBey · age_up castle |
| 20:48 | Gluyk · age_up castle |
| 21:10 | eazy-e · first_market_buy 100 stone |
| 22:07 | eazy-e · age_up castle |
| 22:45 | eazy-e · first_building Castle |
| 22:57 | Gluyk · first_building Castle |
| 22:59 | BuffelBurak · first_building Stable |
| 25:13 | eazy-e · first_building Siege Workshop |
| 26:03 | BuffelBurak · wall_segment Stone Wall x1 |
| 26:12 | MaydanozBey · wall_segment Stone Wall x34 |
| 26:15 | MaydanozBey · wall_segment Stone Wall x12 |
| 26:23 | BuffelBurak · wall_segment Stone Wall x35 |
| 26:50 | BuffelBurak · wall_segment Stone Wall x12 |
| 28:02 | MaydanozBey · wall_segment Stone Wall x15 |
| 28:04 | MaydanozBey · wall_segment Stone Wall x9 |
| 29:04 | MaydanozBey · wall_segment Stone Wall x2 |
| 29:06 | Gluyk · first_building Siege Workshop |
| 29:11 | BuffelBurak · age_up castle |
| 29:30 | eazy-e · first_market_sell 100 wood |
| 31:32 | MaydanozBey · first_market_buy 100 stone |
| 31:37 | ♰ O K A N · first_market_sell 100 wood |
| 31:59 | MaydanozBey · first_building Castle |
| 32:25 | MaydanozBey · wall_segment Stone Wall x46 |
| 33:32 | BuffelBurak · first_building Monastery |
| 34:06 | MaydanozBey · first_building Siege Workshop |
| 34:09 | Gluyk · first_building Stable |
| 34:33 | Gluyk · first_building Monastery |
| 34:49 | ♰ O K A N · age_up imperial |
| 34:51 | eazy-e · first_building Monastery |
| 34:59 | MaydanozBey · first_market_sell 100 wood |
| 35:23 | Gluyk · age_up imperial |
| 35:23 | eazy-e · age_up imperial |
| 37:07 | hulyayusufmehmet · age_up castle |
| 37:57 | MaydanozBey · age_up imperial |
| 38:29 | hulyayusufmehmet · first_market_sell 500 wood |
| 38:32 | BuffelBurak · age_up imperial |
| 38:55 | MaydanozBey · wall_segment Stone Wall x16 |
| 39:25 | Gluyk · first_building Archery Range |
| 39:52 | eazy-e · first_building Stable |
| 40:39 | BuffelBurak · first_building Castle |
| 40:46 | hulyayusufmehmet · first_building Monastery |
| 41:19 | hulyayusufmehmet · first_building Siege Workshop |
| 41:44 | ♰ O K A N · first_market_buy 100 food |
| 42:27 | MaydanozBey · wall_segment Stone Wall x7 |
| 42:30 | MaydanozBey · wall_segment Stone Wall x8 |
| 45:01 | ♰ O K A N · first_building Siege Workshop |
| 46:22 | hulyayusufmehmet · tribute_sent a jugador 1 |
| 46:22 | hulyayusufmehmet · tribute_sent a jugador 3 |
| 46:22 | hulyayusufmehmet · tribute_sent a jugador 4 |
| 46:22 | hulyayusufmehmet · tribute_sent a jugador 5 |
| 46:22 | hulyayusufmehmet · tribute_sent a jugador 6 |
| 47:32 | hulyayusufmehmet · age_up imperial |
| 47:57 | BuffelBurak · first_market_buy 500 food |
| 52:08 | Gluyk · wall_segment Stone Wall x3 |
| 52:16 | Gluyk · wall_segment Stone Wall x3 |
| 55:00 | MaydanozBey · wall_segment Stone Wall x3 |
| 55:09 | MaydanozBey · tribute_sent a jugador 1 |
| 55:09 | MaydanozBey · tribute_sent a jugador 2 |
| 55:09 | MaydanozBey · tribute_sent a jugador 3 |
| 55:09 | MaydanozBey · tribute_sent a jugador 4 |
| 55:09 | MaydanozBey · tribute_sent a jugador 5 |
| 57:04 | Gluyk · wall_segment Stone Wall x7 |
| 57:13 | ♰ O K A N · first_building Barracks |
| 64:41 | BuffelBurak · first_market_sell 500 wood |
| 65:48 | hulyayusufmehmet · resign |
[ AI ANALYSIS · 1 CREDIT ]
What really happened in this match?
Wolo.gg analyzes every decision: build order, eco, micro, common mistakes by bracket. Personalized analysis on WhatsApp or Discord in 30 seconds.
Civ guide
Cumans
Map guide
Arena
Perfil
hulyayusufmehmet